cohdb
Replays
Latest Replays
All Replays
Popular Replays
Top Player Replays
Match Explorer
How It Works
Community
CoH3 Stats
Reddit
Sign in to upload your games and track your stats! →
Sign in with Steam
Match 45105032
Unlisted
Match 45105032
Overview
Messages
Build Orders
End
Construct Infanterie Kompanie
Kettenkrad Recon Vehicle
Grenadier Squad
Grenadier Squad
MG 42 Machine Gun Team
MG 42 Machine Gun Team
Construct Panzergrenadier Kompanie
Pak 40 Anti-tank Gun Team
Panzergrenadier Squad
Panzergrenadier Squad
Medical Bunker
Panzergrenadier Squad
Panzergrenadier Officer Quarters
Construct Panzer Kompanie
Medical Bunker
Support Elements
Nebelwerfer 42 Rocket Launcher Team
Selects Mechanized Battlegroup
Selects Raid Package
Selects 8 Rad Armored Car
Selects UNKNOWN (2160084)
Selects Spotting Scopes
Panther Heavy Tank
Nebelwerfer 42 Rocket Launcher Team
Selects Stoßtruppen Assault Package
Selects Zeroing Artillery Barrage
Zeroing Artillery Barrage
Panzergrenadier Squad
Panther Heavy Tank
Panzer Officer Quarters
BlueSkidrow™
Nicko
DexN
Ashur
0
0
Comments
sign in to comment!
No comments posted yet!